 Dungeon Crawl Stone Soup version 0.16.2-2-g470672f (webtiles) character file.

63441 Miyamura the Fighter (level 15, 0/204 (217) HPs)
             Began as a Naga Enchanter on Aug 15, 2015.
             Was a Priest of Cheibriados.
             Succumbed to poison (dark miasma)
             ... on level 7 of the Lair of Beasts on Aug 16, 2015.
             The game lasted 02:55:44 (43916 turns).

Miyamura the Fighter (Naga Enchanter)              Turns: 43916, Time: 02:55:44

HP:   0/204 (217)   AC: 27    Str: 14 (19) XL:     15   Next: 9%
MP:   42/42         EV:  1    Int: 27      God:    Cheibriados [***...]
Gold: 835           SH:  0    Dex: 19      Spells: 8 memorised, 3 levels left

rFire  + . .     SeeInvis +     r - +4 trident (vamp)
rCold  + . .     Clarity  .     h - melded +3 ring mail "Pruhiv" {rC+ Str+2 Int+2 Stlth+}
rNeg   + + +     SustAb   .     (no shield)
rPois  +         Gourm    .     x - melded +1 helmet
rElec  +         Spirit   .     H - melded +1 cloak
rCorr  +         Warding  .     Y - melded +1 pair of gloves
rMut   .         NoTele   +     (no barding)
MR     ++...                    G - amulet of resist corrosion
Stlth  ++++++....               D - ring of magical power
                                I - ring of protection from magic

@: lethally poisoned (0 -> -22), tree-form (expiring), resistant,
non-regenerating, rotting, badly diseased, slowed, very slow, very resistant to
hostile enchantments, very stealthy
A: spit poison, (constrict 1), rugged brown scales 1, see invisible, clumsy 1,
(deformed body), (fire resistance 0), (poison resistance), regeneration 1,
(slowness 0), strong 1, AC +5
a: Spit Poison, Bend Time, Temporal Distortion, Renounce Religion


You were on level 7 of the Lair of Beasts.
You worshipped Cheibriados.
Cheibriados was most pleased with you.
You were not hungry.
You were a tree.
You visited 5 branches of the dungeon, and saw 25 of its levels.
You also visited: Labyrinth.

You collected 3131 gold pieces.
You spent 2296 gold pieces at shops.

Inventory:

Hand weapons
 l - a +4 dagger of holy wrath
 r - a +4 vampiric trident (weapon)
Armour
 a - a +1 leather armour of magic resistance
 h - the +3 ring mail "Pruhiv" (melded) {rC+ Str+2 Int+2 Stlth+}
   (You bought it in a shop on level 4 of the Orcish Mines)

   It affects your strength (+2).
   It affects your intelligence (+2).
   It protects you from cold.
   It makes you more stealthy.
 x - a +1 helmet (melded)
 H - a +1 cloak (melded)
 K - a +2 robe of fire resistance
 Y - a +1 pair of gloves (melded)
Jewellery
 c - an uncursed ring of teleportation
 m - an uncursed ring of positive energy
 D - a ring of magical power (right branch)
 G - an amulet of resist corrosion (around neck)
 I - a ring of protection from magic (left branch)
 L - an uncursed amulet of faith
 M - the ring "Minurur" {Wiz rElec Str+2 Slay-4}
   (You found it in a labyrinth)

   [ring of wizardry]

   It improves your spell success rate.
   It affects your strength (+2).
   It affects your accuracy and damage with ranged weapons and melee attacks
   (-4).
   It insulates you from electricity.
 O - an uncursed ring of flight
Magical devices
 g - a wand of polymorph (0)
 i - a wand of slowing (36)
 p - a wand of enslavement (20)
 w - a wand of digging (11)
 C - a wand of polymorph (15)
 E - a wand of fire (3)
 U - a wand of disintegration (7)
Scrolls
 b - 2 scrolls of recharging
 q - 3 scrolls of teleportation
 s - a scroll of amnesia
 u - 10 scrolls of remove curse
 A - a scroll of magic mapping
 S - a scroll of fear
 V - 2 scrolls of identify
 Z - a scroll of enchant weapon
Potions
 n - 3 potions of restore abilities
 J - a potion of cure mutation {!q}
 N - 4 potions of resistance
 R - a potion of flight
 T - a potion of lignification
Books
 e - a Grand Grimoire {highlevel, unknown}

   This book is beyond your current level of understanding.

   Spells                             Type                      Level
   a - Aura of Abjuration             Summoning                    6
   b - Summon Greater Demon           Summoning                    7
   c - Malign Gateway                 Summoning/Translocation      7
   d - Summon Horrible Things         Summoning                    8
 j - a book of Frost

   Spells                             Type                      Level
   a - Freeze                         Ice                          1
   b - Throw Frost                    Conjuration/Ice              2
   c - Ozocubu's Armour               Charms/Ice                   3
   d - Throw Icicle                   Conjuration/Ice              4
   e - Summon Ice Beast               Ice/Summoning                4
   f - Condensation Shield            Ice                          4
Comestibles
 d - 14 bread rations
 f - a chunk of flesh
 B - 2 meat rations
 P - 14 fruits


   Skills:
 + Level 11.0 Fighting
 - Level 1.0 Short Blades
 + Level 11.0 Polearms
 + Level 9.5 Dodging
 - Level 8.0 Stealth
 + Level 10.3 Spellcasting
 - Level 7.0 Hexes
   Level 9.2 Charms
 - Level 8.4 Necromancy
 + Level 3.2 Invocations


You had 3 spell levels left.
You knew the following spells:

 Your Spells              Type           Power        Failure   Level  Hunger
a - Agony                 Necr           ######..     3%          5    ####...
b - Blink                 Tloc           N/A          8%          2    None
c - Confuse               Hex            ######..     1%          3    None
d - Dispel Undead         Necr           ######..     3%          5    ####...
e - Statue Form           Trmt/Erth      ##.......    100%        6    #####..
f - Cause Fear            Hex            ######....   2%          4    None
s - Sublimation of Blood  Necr           ######....   1%          2    None
D - Animate Dead          Necr           N/A          1%          4    None


Dungeon Overview and Level Annotations

Branches:
Dungeon (11/15)            Temple (1/1) D:6            Lair (8/8) D:11
 Shoals (0/5) Lair:4       Spider (1/5) Lair:6          Orc (4/4) D:9
  Slime: Lair:6-8       Elf: Orc:3-4

Altars:
Ashenzari
Cheibriados
Dithmenos
Elyvilon
Fedhas
Gozag
Kikubaaqudgha
Makhleb
Nemelex Xobeh
Okawaru
Qazlal
Ru
Sif Muna
Trog
Vehumet
Xom
Yredelemnul
Zin
The Shining One
Jiyva

Shops:
D:5 ??   Orc:4 (:[(

Annotations:
Lair:7 exclusion: 4 oklob plants


Innate Abilities, Weirdness & Mutations

You cannot wear boots.
You can spit poison.
((You can use your snake-like lower body to constrict enemies.))
((Your serpentine skin is tough (AC +5).))
You have supernaturally acute eyesight.
((Armour fits poorly on your strangely shaped body.))
((Your system is resistant to poisons.))
((You cover ground very slowly.))
(You are partially covered in rugged brown scales (AC +1, +3% HP).)
You are clumsy. (Dex -2)
((Your flesh is heat resistant.))
Your natural rate of healing is unusually fast.
Your muscles are strong. (Str +2)


Message History

You feel sick. The yak skeleton gores you.
* * * LOW HITPOINT WARNING * * *
The hound skeleton bites you but does no damage.
Unknown command.
You puncture the yak skeleton!
* * * LOW HITPOINT WARNING * * *
You feel sick.
The hound skeleton bites you but does no damage.
The yak skeleton gores you but does no damage.
The hound skeleton bites you but does no damage.
Drink which item? (? for menu, Esc to quit)
Okay, then.
Read which item? (? for menu, Esc to quit)
Okay, then.
Evoke which item? (* to show all) (? for menu, Esc to quit)
Zapping:
g - a wand of polymorph {zapped: 6} (will waste charges)
Press: ? - help, Shift-Dir - straight line, f - you Really target yourself?
Nothing appears to happen.
You die...

...#?...#..###..#.#P.............
P###......####...#..P............
## ##......##..............#.....
####.#....#####..................
#.#............P.................
#......#....#....................
............#....................
P.......##.......................
...##..##.......♣................
...##....#.....Z.Z...............
..####P...P......................
..## #...........................
.#.####..........................
............P.P..................
.....#P....PPP......#....P#......
....####..PP....)...#............
.##.# ##........................


You could see a hound skeleton and a yak skeleton.

Vanquished Creatures
  Maud (Lair:7)
  Gastronok (Lair:1)
  The ghost of Appriser the Earth Mage, a powerful FoEE of Vehumet (Lair:7)
  A minotaur (Lab)
  6 hydras
  2 catoblepae (Lair:5)
  Erica (D:10)
  A centaur warrior (D:9)
  5 orc high priests (Orc:4)
  Nergalle (D:10)
  2 hill giants
  An unseen horror (D:10)
  3 orc knights (Orc:4)
  Pikel (D:8)
  A necromancer (Lair:6)
  2 orc sorcerers
  16 elephants
  6 black mambas
  8 spiny frogs
  3 centaur skeletons
  A fire drake (Lair:6)
  7 komodo dragons
  A hellwing (Orc:4)
  29 blink frogs
  2 jumping spiders (Spider:1)
  3 basilisks
  A trapdoor spider (Spider:1)
  2 redbacks (Spider:1)
  2 tarantellas (Spider:1)
  The ghost of kae the Conjurer, an average TeFE of Vehumet (D:5)
  The ghost of dngmouse the Skirmisher, an average MiBe of Trog (D:4)
  7 wolves
  Eustachio (D:7)
  35 yaks
  A deep elf fighter (D:11)
  Grum (D:11)
  A human (D:10)
  12 hippogriffs
  3 wargs
  Edmund (D:6)
  Menkaure (D:6)
  A hog (D:10)
  A spiny frog zombie (Lair:7)
  14 water moccasins
  10 porcupines
  31 orc warriors
  3 spiders (Spider:1)
  A wasp (D:11)
  A spiny frog skeleton (Lair:7)
  2 ice beasts
  4 sky beasts
  A slave (D:8)
  2 black bears
  5 ogres
  17 crocodiles
  A phantom (D:9)
  A boring beetle (Lair:6)
  Duvessa (Orc:1)
  25 giant frogs
  6 centaurs
  A big kobold (D:11)
  Blork the orc (D:6)
  A wyvern zombie (D:11)
  A water moccasin skeleton (Lair:7)
  3 scorpions
  4 killer bees
  13 wights
  6 electric eels
  2 goliath beetles (D:9)
  Dowan (Orc:1)
  A centaur zombie (D:10)
  A giant frog zombie (D:10)
  A crimson imp (D:8)
  2 basilisk zombies (Lair:6)
  16 hounds
  5 jellies
  4 giant frog skeletons
  47 orc priests
  2 gnoll shamans
  38 orc wizards
  A quasit (D:7)
  9 iguanas
  A porcupine zombie (Lair:7)
  4 hell rats (Lair:7)
  6 worker ants
  9 sheep
  Ijyb (D:6)
  A crocodile zombie (Lair:6)
  2 crocodile skeletons (Lair:7)
  A hound zombie (D:7)
  A hound skeleton (D:5)
  A mummy (D:9)
  Robin (D:2)
  15 gnolls
  2 worker ant zombies
  70 river rats
  2 giant mites (D:5)
  33 adders
  5 shadow imps
  3 adder zombies (Lair:7)
  An iguana zombie (Lair:7)
  An iguana skeleton (Lair:7)
  An orc skeleton (Orc:4)
  3 oozes
  195 orcs
  2 ball pythons
  29 bats
  2 bat skeletons
  2 bat zombies
  6 giant cockroaches
  18 hobgoblins
  12 jackals
  20 kobolds
  18 quokkas
  4 giant geckos
  4 giant newts
  2 giant spores (D:6)
  30 goblins
  A jackal zombie (D:9)
  An orc zombie (Orc:4)
  2 quokka zombies
  40 rats
  11 ballistomycetes
  A butterfly (D:4)
  3 fungi
  A plant (Lair:4)
1031 creatures vanquished.

Vanquished Creatures (collateral kills)
  A wolf spider (Spider:1)
  An orc warrior (Orc:4)
  A worm (D:5)
  4 orcs (Orc:4)
7 creatures vanquished.

Vanquished Creatures (others)
  A slave (D:8)
  4 wights (D:11)
  A giant frog zombie (D:8)
  An ogre zombie (Orc:4)
  An adder (D:8)
  2 orc skeletons (Orc:4)
  3 giant spores
  10 orc zombies (Orc:4)
  A quokka skeleton (D:8)
  A ballistomycete (D:11)
  24 fungi
  6 plants
  A toadstool (D:6)
56 creatures vanquished.

Grand Total: 1094 creatures vanquished

Notes
Turn   | Place    | Note
--------------------------------------------------------------
     0 | D:1      | Miyamura, the Naga Enchanter, began the quest for the Orb.
     0 | D:1      | Reached XP level 1. HP: 15/15 MP: 3/3
   397 | D:1      | Reached XP level 2. HP: 19/24 MP: 4/4
   405 | D:1      | Learned a level 2 spell: Ensorcelled Hibernation
   808 | D:1      | Reached XP level 3. HP: 30/30 MP: 6/6
   815 | D:1      | Learned a level 3 spell: Confuse
   867 | D:1      | Reached skill level 1 in Fighting
  1767 | D:2      | Reached XP level 4. HP: 38/38 MP: 8/8
  2391 | D:2      | Noticed Robin
  2418 | D:2      | Killed Robin
  2426 | D:2      | Reached skill level 5 in Stealth
  3435 | D:3      | Found an opulent altar of Gozag.
  3632 | D:3      | Reached XP level 5. HP: 30/45 MP: 0/9
  4624 | D:4      | Found a shimmering altar of Xom.
  4638 | D:3      | Reached XP level 6. HP: 48/54 MP: 8/11
  4704 | D:3      | Reached skill level 1 in Polearms
  4704 | D:3      | Reached skill level 6 in Stealth
  5203 | D:4      | Noticed dngmouse's ghost (average MiBe)
  5223 | D:4      | Killed dngmouse's ghost
  5223 | D:4      | Reached XP level 7. HP: 50/62 MP: 10/14
  5306 | D:4      | Noticed a phantom
  5837 | D:5      | Entered Level 5 of the Dungeon
  6198 | D:5      | Noticed kae's ghost (average TeFE)
  6340 | D:5      | Killed kae's ghost
  6403 | D:5      | Got a scorched cloak
  6404 | D:5      | Identified the +1 cloak of the Oligarchy {rF+ rC- Int+2} (You found it on level 5 of the Dungeon)
  6426 | D:5      | Found Gaogroil's Magic Scroll Boutique.
  6429 | D:5      | Bought a scroll of identify for 26 gold pieces
  6429 | D:5      | Bought a scroll of identify for 26 gold pieces
  6429 | D:5      | Bought a scroll of noise for 13 gold pieces
  6429 | D:5      | Bought a scroll of teleportation for 39 gold pieces
  6429 | D:5      | Bought a scroll of teleportation for 39 gold pieces
  6977 | D:5      | Found Kleah's Magic Scroll Shoppe.
  6988 | D:5      | Bought a scroll of blinking for 82 gold pieces
  6988 | D:5      | Bought a scroll of teleportation for 33 gold pieces
  6988 | D:5      | Bought a scroll of teleportation for 33 gold pieces
  6988 | D:5      | Bought a scroll of teleportation for 33 gold pieces
  6988 | D:5      | Bought a scroll of remove curse for 33 gold pieces
  7078 | D:6      | Noticed Blork the orc
  7103 | D:6      | Killed Blork the orc
  7103 | D:6      | Reached skill level 7 in Stealth
  7151 | D:6      | Reached XP level 8. HP: 70/70 MP: 14/17
  7164 | D:6      | Noticed Ijyb
  7176 | D:6      | Killed Ijyb
  7197 | D:6      | Found a staircase to the Ecumenical Temple.
  7223 | Temple   | Entered the Ecumenical Temple
  7813 | D:6      | Noticed Edmund
  7834 | D:6      | Killed Edmund
  7834 | D:6      | Reached skill level 5 in Hexes
  7865 | D:6      | Noticed Menkaure
  7875 | D:6      | Killed Menkaure
  7986 | D:6      | Found an opulent altar of Gozag.
  7995 | D:6      | Found a bloodstained altar of Trog.
  7996 | D:6      | Found an iron altar of Okawaru.
  8160 | D:6      | Reached skill level 8 in Stealth
  8372 | D:6      | Found a viscous altar of Jiyva.
  8734 | D:7      | Learned a level 6 spell: Haste
  8840 | D:7      | Reached XP level 9. HP: 79/79 MP: 17/20
  8881 | D:7      | Reached skill level 1 in Charms
  8933 | D:7      | Noticed Eustachio
  9222 | D:7      | Killed Eustachio
  9859 | D:8      | Found a blossoming altar of Fedhas.
 10836 | D:8      | Gained mutation: Your muscles are strong. (Str +2) [potion of beneficial mutation]
 11073 | D:8      | Noticed Pikel
 11103 | D:8      | Killed Pikel
 11103 | D:8      | Reached skill level 5 in Fighting
 11103 | D:8      | Reached skill level 5 in Polearms
 11103 | D:8      | Reached skill level 5 in Spellcasting
 11550 | D:8      | You fall through a shaft!
 12014 | D:9      | Reached skill level 5 in Dodging
 12014 | D:9      | Reached XP level 10. HP: 83/88 MP: 13/22
 12118 | D:9      | Found a staircase to the Orcish Mines.
 12123 | D:9      | Found an ancient bone altar of Kikubaaqudgha.
 12423 | D:9      | Became a worshipper of Kikubaaqudgha
 13772 | D:9      | Learned a level 4 spell: Cause Fear
 14028 | D:9      | Acquired Kikubaaqudgha's first power
 14028 | D:9      | Received a gift from Kikubaaqudgha
 14031 | D:9      | Identified Kikubaaqudgha's Handbook of Necromancy (Kikubaaqudgha gifted it to you on level 9 of the Dungeon)
 14035 | D:9      | Learned a level 2 spell: Sublimation of Blood
 14196 | D:9      | Reached skill level 1 in Necromancy
 14811 | D:10     | Entered Level 10 of the Dungeon
 15183 | D:10     | Noticed Erica
 15201 | D:10     | Killed Erica
 15201 | D:10     | Reached XP level 11. HP: 99/99 MP: 25/25
 15543 | D:10     | Noticed a hill giant
 15614 | D:10     | Killed a hill giant
 15614 | D:10     | Reached skill level 5 in Charms
 15690 | D:10     | Noticed an unseen horror
 15710 | D:10     | Killed an unseen horror
 15710 | D:10     | Acquired Kikubaaqudgha's second power
 15885 | D:10     | Found a basalt altar of Yredelemnul.
 16093 | D:10     | Noticed Nergalle
 16154 | D:10     | Killed Nergalle
 16591 | D:11     | Noticed a hill giant
 16610 | D:11     | Killed a hill giant
 16879 | D:11     | Received a gift from Kikubaaqudgha
 16884 | D:11     | Identified Kikubaaqudgha's Disquisition on Black Magic (Kikubaaqudgha gifted it to you on level 11 of the Dungeon)
 17194 | D:11     | Found a sacrificial altar of Ru.
 17576 | D:11     | Noticed Grum
 17635 | D:11     | Killed Grum
 18138 | D:11     | Found a staircase to the Lair.
 18439 | D:11     | Reached XP level 12. HP: 68/109 MP: 24/27
 18961 | Lair:1   | Entered Level 1 of the Lair of Beasts
 19008 | Lair:1   | Acquired Kikubaaqudgha's third power
 19319 | Lair:1   | Noticed Gastronok
 19357 | Lair:1   | Killed Gastronok
 19982 | Lair:1   | Learned a level 5 spell: Agony
 20461 | Lair:2   | Reached skill level 5 in Necromancy
 20482 | Lair:2   | Found a labyrinth entrance.
 20501 | Lab      | Entered a labyrinth
 20749 | Lab      | Noticed a minotaur
 20758 | Lab      | Killed a minotaur
 20760 | Lab      | Got a transparent granite ring
 20760 | Lab      | Got a shimmering pewter ring
 20776 | Lab      | Identified the ring "Minurur" {Wiz rElec Str+2 Slay-4} (You found it in a labyrinth)
 20778 | Lab      | Identified the ring of Jelluen {Ice rElec rN+ Str-5 Int-3 Slay+3} (You found it in a labyrinth)
 20798 | Lab      | Got a polished hunting sling
 20798 | Lab      | Got a steaming plate armour
 20809 | Lab      | Identified the +2 plate armour of Reason {rF+ MR++} (You found it in a labyrinth)
 22106 | Lair:3   | Learned a level 2 spell: Blink
 22332 | Lair:3   | Acquired Kikubaaqudgha's fourth power
 22556 | Lair:3   | Reached skill level 9 in Polearms
 22714 | Lair:3   | Reached XP level 13. HP: 120/120 MP: 29/29
 22949 | Lair:3   | Noticed an eight-headed hydra
 22966 | Lair:3   | Killed an eight-headed hydra
 23706 | Lair:4   | Found a staircase to the Shoals.
 24438 | Lair:4   | Learned a level 4 spell: Animate Dead
 27669 | Lair:6   | Found a hole to the Spider Nest.
 28581 | Lair:6   | Reached skill level 10 in Polearms
 28917 | Lair:6   | Reached XP level 14. HP: 121/130 MP: 31/31
 29433 | D:9      | Received a gift from Kikubaaqudgha
 29481 | D:9      | Noticed a centaur warrior
 29488 | D:9      | Killed a centaur warrior
 29488 | D:9      | Reached skill level 10 in Fighting
 29843 | Orc:1    | Entered Level 1 of the Orcish Mines
 30248 | Orc:2    | Found a burning altar of Makhleb.
 30713 | Orc:1    | Found an iron altar of Okawaru.
 30716 | Orc:1    | Noticed Duvessa
 30716 | Orc:1    | Noticed Dowan
 30722 | Orc:1    | Killed Duvessa
 30727 | Orc:1    | Killed Dowan
 31172 | Orc:2    | Learned a level 1 spell: Apportation
 32044 | Orc:4    | Entered Level 4 of the Orcish Mines
 33506 | Orc:4    | HP: 5/132 [orc warrior/trident (22)]
 34107 | Orc:4    | Gained mutation: You are clumsy. (Dex -2) [a neqoxec]
 35291 | Orc:4    | Found Pnoazuch's Armour Shoppe.
 35291 | Orc:4    | Found Mnoj's Antique Weapon Emporium.
 35291 | Orc:4    | Found Gownewk's Book Emporium.
 35292 | Orc:4    | Found Ejeojuh's Weapon Emporium.
 35381 | Orc:4    | Bought the +3 ring mail "Pruhiv" {rC+ Str+2 Int+2 Stlth+} for 618 gold pieces
 35402 | Orc:4    | Bought a faintly glowing mace for 304 gold pieces
 35402 | Orc:4    | Bought a runed glaive for 247 gold pieces
 35402 | Orc:4    | Identified the +6 mace of Pandemonium {flame, MR+} (You bought it in a shop on level 4 of the Orcish Mines)
 35418 | Orc:4    | Bought a book of Transfigurations for 770 gold pieces
 35428 | Orc:4    | Learned a level 6 spell: Statue Form
 35597 | Orc:3    | Noticed an orc warlord
 36520 | Temple   | Fell from the grace of Kikubaaqudgha
 36520 | Temple   | Became a worshipper of the Shining One
 37461 | Lair:7   | Noticed Appriser's ghost (powerful FoEE)
 39577 | Temple   | Fell from the grace of the Shining One
 39577 | Temple   | Became a worshipper of Cheibriados the Contemplative
 39592 | Temple   | Learned a level 5 spell: Dispel Undead
 40298 | Lair:7   | Acquired Cheibriados' first power
 40547 | Lair:7   | Reached skill level 10 in Spellcasting
 40624 | Lair:7   | Noticed Maud
 40648 | Lair:7   | Killed Maud
 40648 | Lair:7   | Reached skill level 1 in Invocations
 41027 | Lair:7   | Noticed a reaper
 41818 | Spider:1 | Entered Level 1 of the Spider Nest
 42321 | Spider:1 | HP: 5/132 [wolf spider (12)]
 42960 | Lair:7   | Killed Appriser's ghost
 43019 | Lair:7   | Gained mutation: Your flesh is heat resistant. [potion of mutation]
 43019 | Lair:7   | Gained mutation: You are partially covered in rugged brown scales (AC +1, +3% HP). [potion of mutation]
 43019 | Lair:7   | Gained mutation: Your natural rate of healing is unusually fast. [potion of mutation]
 43055 | Lair:7   | Reached XP level 15. HP: 136/142 MP: 32/32
 43487 | Lair:7   | Acquired Cheibriados' second power
 43583 | Lair:8   | Entered Level 8 of the Lair of Beasts
 43676 | Lair:8   | Reached skill level 11 in Polearms
 43914 | Lair:7   | HP: 9/204 [poison (dark miasma)]
 43914 | Lair:7   | HP: 3/204 [yak skeleton[the malice of Kikubaaqudgha] (6)]
 43916 | Lair:7   | Succumbed to poison (dark miasma)

Action                   |  1- 3 |  4- 6 |  7- 9 | 10-12 | 13-15 || total
-------------------------+-------+-------+-------+-------+-------++-------
Melee: Dagger            |    53 |       |       |       |   125 ||   178
       Hand axe          |     6 |   133 |       |       |       ||   139
       Trident           |       |   147 |   556 |  1552 |  1861 ||  4116
       Spear             |       |       |       |       |   192 ||   192
       Scythe            |       |       |       |       |     5 ||     5
 Cast: Corona            |     4 |     2 |       |     3 |       ||     9
       Ensorcelled Hiber |     2 |     1 |     5 |     1 |       ||     9
       Confuse           |     2 |    17 |    59 |   177 |    97 ||   352
       Cause Fear        |       |       |       |     8 |     5 ||    13
       Blink             |       |       |       |     1 |     8 ||     9
       Agony             |       |       |       |       |    41 ||    41
       Haste             |       |       |       |       |     6 ||     6
       Animate Dead      |       |       |       |       |     3 ||     3
       Dispel Undead     |       |       |       |       |     3 ||     3
Invok: Receive Corpses   |       |       |       |       |     5 ||     5
       Bend Time         |       |       |       |       |     4 ||     4
 Abil: Spit Poison       |    19 |    18 |    34 |    18 |    13 ||   102
Evoke: Wand              |       |       |     3 |     7 |    10 ||    20
  Use: Scroll            |     4 |     9 |    16 |    11 |    16 ||    56
       Potion            |       |     5 |     7 |    10 |    15 ||    37
 Stab: Sleeping          |     4 |     5 |    23 |    36 |    26 ||    94
       Confused          |       |     7 |    24 |   105 |    69 ||   205
       Distracted        |       |     1 |     1 |     4 |     8 ||    14
  Eat: Chunk             |     4 |    15 |    24 |    38 |    66 ||   147
       Meat ration       |       |     1 |       |       |     4 ||     5
       Pizza             |       |       |     1 |     4 |       ||     5
       Beef jerky        |       |       |     1 |     3 |     2 ||     6
       Royal jelly       |       |       |       |       |     1 ||     1
       Fruit             |       |       |       |       |     1 ||     1
